 Dungeon Crawl Stone Soup version 0.26.0-10-g1f06aea511 (webtiles) character file.

Game seed: 4765061857531393824

1612 Borgoz the Slasher (level 8, 0/68 HPs)
             Began as a Ghoul Gladiator on Jan 13, 2021.
             Was an Initiate of Ashenzari.
             Killed from afar by an electric eel (4 damage)
             ... with a bolt of electricity
             ... on level 7 of the Dungeon on Jan 14, 2021.
             The game lasted 00:08:26 (6648 turns).

Borgoz the Slasher (Ghoul Gladiator)                Turns: 6648, Time: 00:08:27

Health: 0/68       AC: 11    Str: 18    XL:     8   Next: 95%
Magic:  7/7        EV: 13    Int:  3    God:    Ashenzari [......]
Gold:   413        SH:  0    Dex: 12    Spells: 7/7 levels left

rFire    + . .     SeeInvis .   a - +1 long sword
rCold    + . .     Faith    .   (no shield)
rNeg     + + +     Spirit   .   x - +1 ring mail (curse)
rPois    ∞         Reflect  .   c - +0 helmet
rElec    .         Harm     .   m - +2 cloak
rCorr    .         Rampage  .   (no gloves)
Will     .....                  (no boots)
Stlth    +.........             k - amulet of regeneration
HPRegen  0.00/turn              h - ring of protection from fire
MPRegen  0.10/turn              (no ring)

@: no status effects
A: claws 1, cold resistance 1, negative energy resistance 3, inhibited
regeneration, torment resistance, unbreathing
a: Renounce Religion, Curse Item


You were on level 7 of the Dungeon.
You worshipped Ashenzari.
Ashenzari was noncommittal.
You visited 2 branches of the dungeon, and saw 8 of its levels.

You collected 413 gold pieces.

Inventory:

Hand Weapons
 a - a +1 long sword (weapon)
Armour
 c - a +0 helmet (worn)
 d - the cursed +1 ring mail of Zasu Weo {Int+5}
   (You found it on level 7 of the Dungeon)

   It affects your intelligence (+5).
   It has a curse placed upon it.
 m - a +2 cloak (worn)
 x - a cursed +1 ring mail (worn)
Jewellery
 h - a ring of protection from fire (left claw)
 k - an amulet of regeneration (around neck)
Wands
 r - a wand of iceblast (10)
Scrolls
 g - a scroll of remove curse
 n - 2 scrolls of blinking
 q - 2 scrolls of teleportation
Potions
 b - a potion of lignification {unknown}
 e - a potion of ambrosia
 f - 4 potions of flight
 i - a potion of curing
 j - a potion of attraction {unknown}
 o - 2 potions of brilliance {unknown}
 u - 2 potions of haste {unknown}


   Skills:
 + Level 5.3 Fighting
 * Level 6.3 Long Blades
 - Level 1.7 Throwing
 * Level 5.6 Armour
 + Level 4.8 Dodging


You had 7 spell levels left.
You didn't know any spells.
Your spell library was empty.

Dungeon Overview and Level Annotations

Branches:
Dungeon (7/15)             Temple (1/1) D:4

Altars:
Ashenzari
Cheibriados
Dithmenos
Elyvilon
Fedhas
Gozag
Hepliaklqana
Kikubaaqudgha
Nemelex Xobeh
Okawaru
Ru
Trog
Uskayaw
Wu Jian
Xom
Yredelemnul
The Shining One

Annotations:
D:7 3 runed translucent doors, MisterFreud's ghost, novice TrMo


Innate Abilities, Weirdness & Mutations

You thrive by killing the living.
You are immune to poison.
You have sharp fingernails.
Your flesh is cold resistant. (rC+)
You are immune to negative energy. (rN+++)
You do not regenerate when monsters are visible.
You are immune to unholy pain and torment.
You can survive without breathing.


Message History

You are too injured to fight recklessly!
You are too injured to fight recklessly!
You are too injured to fight recklessly!
You are too injured to fight recklessly!
You are too injured to fight recklessly!
You are too injured to fight recklessly!
You are too injured to fight recklessly!
You are too injured to fight recklessly!
You are too injured to fight recklessly!
You are too injured to fight recklessly!
The electric eel shoots out a bolt of lightning at you!
The bolt of electricity hits the electric eel.
The electric eel completely resists.
The bolt of electricity misses you. The bolt of electricity hits you.
* * * LOW HITPOINT WARNING * * *
The electric eel shoots out a bolt of lightning at you!
The bolt of electricity hits you.
* * * LOW HITPOINT WARNING * * *
The bolt of electricity hits you.
You die...

..#..≈≈≈≈≈..###
.(..≈≈≈≈≈≈≈....
..B≈≈≈≈≈≈≈≈≈..#
..c≈≈≈≈≈≈≈..#
#..≈≈≈≈≈..# #..≈;≈..#
....### #..;..# .....#
#.(.# ....########@##
#.#............#
#.#......##..#### .
#.#......#......# ..
#.##............#...
###.##................
.....#.....#......##..
###......†.#......# .
..................##.


You could see a centaur, 2 electric eels and a giant cockroach.

Vanquished Creatures
  2 orc warriors (D:6)
  A sky beast (D:5)
  2 phantoms
  4 ogres
  4 bullfrogs
  A bullfrog zombie (D:6)
  2 hounds
  3 orc priests
  2 orc wizards
  A worker ant (D:7)
  A hound zombie (D:6)
  Robin (D:4)
  8 adders
  4 gnolls (D:3)
  A shadow imp (D:5)
  2 white imps (D:5)
  2 ufetubi (D:5)
  An ooze (D:1)
  An adder zombie (D:7)
  An adder skeleton (D:4)
  4 worms
  4 leopard geckos
  16 orcs
  5 bats
  4 giant cockroaches
  16 goblins
  11 hobgoblins
  6 jackals
  5 quokkas
  4 frilled lizards
  10 kobolds
  A leopard gecko skeleton (D:5)
  6 rats
136 creatures vanquished.

Vanquished Creatures (others)
  2 fungi (D:7)
  2 plants (D:7)
4 creatures vanquished.

Grand Total: 140 creatures vanquished

Notes
Turn   | Place    | Note
-------+----------+-------------------------------------------
     0 | D:1      | Borgoz the Ghoul Gladiator began the quest for the Orb.
     0 | D:1      | Reached XP level 1. HP: 17/17 MP: 0/0
    77 | D:1      | Reached XP level 2. HP: 6/24 MP: 1/1
   369 | D:1      | Reached skill level 3 in Long Blades
   371 | D:1      | Reached skill level 1 in Armour
   382 | D:1      | Reached XP level 3. HP: 22/30 MP: 2/2
  1356 | D:2      | Reached XP level 4. HP: 36/37 MP: 3/3
  2034 | D:3      | Reached XP level 5. HP: 32/45 MP: 4/4
  2844 | D:4      | Noticed a phantom
  2877 | D:4      | Killed a phantom
  2878 | D:4      | Reached skill level 4 in Long Blades
  2878 | D:4      | Reached XP level 6. HP: 41/51 MP: 5/5
  3421 | D:4      | Found a staircase to the Ecumenical Temple.
  3429 | D:4      | Reached XP level 7. HP: 53/58 MP: 6/6
  3506 | D:4      | Noticed Robin
  3521 | D:4      | Killed Robin
  4011 | Temple   | Entered the Ecumenical Temple
  4257 | D:5      | Entered Level 5 of the Dungeon
  4257 | D:5      | Found a shimmering altar of Xom.
  4434 | D:5      | Found an ornate altar of the Wu Jian Council.
  4444 | D:5      | Found a basalt altar of Yredelemnul.
  4444 | D:5      | Found an iron altar of Okawaru.
  4484 | D:5      | Found a blossoming altar of Fedhas.
  4497 | D:5      | Found a hazy altar of Hepliaklqana.
  4505 | D:5      | Found a glowing golden altar of the Shining One.
  4664 | D:5      | Reached skill level 5 in Long Blades
  4998 | D:6      | Reached XP level 8. HP: 17/67 MP: 7/7
  5463 | D:6      | Reached skill level 5 in Armour
  5757 | D:6      | Found a broken altar of Ashenzari.
  5784 | D:6      | Became a worshipper of Ashenzari the Shackled
  6016 | D:6      | Reached skill level 5 in Fighting
  6016 | D:6      | Reached skill level 6 in Long Blades
  6201 | D:7      | Found a runed translucent gate.
  6201 | D:7      | Found a runed translucent gate.
  6223 | D:7      | Found a runed translucent gate.
  6224 | D:7      | Identified the cursed +0 dagger of Bieherph {pain, rF+}
  6227 | D:7      | Noticed MisterFreud's ghost (novice TrMo)
  6286 | D:7      | Found a bloodstained altar of Trog.
  6520 | D:7      | Identified the cursed +1 ring mail of Zasu Weo {Int+5}
  6648 | D:7      | Killed from afar by an electric eel

Illustrated notes

Levels and vault maps discovered:
D:1:      psy_arrival_terrarium, layout_rooms
D:2:      layout_basic
D:3:      layout_loops_ring, hangedman_decor_push, st_stairs_10
D:4:      layout_cave_pods, minmay_temple_entry_antechambers,
          amcnicky_mini_rare_corridor_liquid, uniq_robin
D:5:      layout_cave_pools, xom_confusion_cloud, lemuel_crystal_altar,
          nicolae_overflow_hidden_temple, lemuel_doored_altar, basic_altar
D:6:      layout_loops_ring, overflow_temple_1_default
D:7:      layout_rooms, kennysheep_mini, marbit_many_paths,
          gammafunk_ghost_nasty_kobolds, amcnicky_mini_pool_medium
Temple:   compressed_dpeg_triangle_lava_temple

Skill      XL: |  1  2  3  4  5  6  7  8 |
---------------+-------------------------+-----
Long Blades    | 3 4 5 6 |  6.3
Armour         | 1 2 3 4 5 |  5.6
Dodging        | 3 4 |  4.8
Fighting       | 3 4 5 |  5.3
Throwing       | |  1.7

Action                   |  1- 3 |  4- 6 |  7- 9 || total
-------------------------+-------+-------+-------++-------
Melee: Long sword        |   114 |   176 |   226 ||   516
Throw: Throwing net      |     2 |       |     6 ||     8
Evoke: Wand              |       |       |     3 ||     3
  Use: Potion            |       |     2 |     7 ||     9
       Scroll            |       |       |    12 ||    12
 Stab: Held in net/web   |       |       |     2 ||     2
Armor: Leather armour    |    40 |    70 |    23 ||   133
       Ring mail         |       |       |    64 ||    64
Dodge: Dodged            |    98 |   154 |   142 ||   394
       Rpst.: Long sword |    34 |    46 |    56 ||   136
